 Dungeon Sprint DCSS version 0.18.1-48-g4cf74bf (webtiles) character file.

1041 Groucho the Covert (level 8, -4/54 HPs)
             Began as an Octopode Enchanter on June 27, 2016.
             Was a High Priest of Dithmenos.
             Slain by a small abomination (21 damage)
             ... in the Dungeon (Sprint VII: "The Pits").
             The game lasted 00:05:08 (1455 turns).

Groucho the Covert (Octopode Enchanter)             Turns: 1455, Time: 00:05:09

Health: -4/54      AC:  1    Str:  8    XL:     8   Next: 25%
Magic:  17/19      EV: 16    Int: 17    God:    Dithmenos [*****.]
Gold:   0          SH:  0    Dex: 14    Spells: 4 memorised, 13 levels left

rFire  . . .     SeeInvis .     a - +3 dagger
rCold  . . .     Gourm    .     (no shield)
rNeg   . . .     Faith    .     (helmet restricted)
rPois  .         Spirit   .     (no amulet)
rElec  .         Dismiss  .     (no ring)
rCorr  .         Reflect  .     (no ring)
SustAt .         Harm     .     (no ring)
MR     .....     NoTele   +     (no ring)
Stlth  +++++++++.               (no ring)
                                (no ring)
                                (no ring)
                                (no ring)

@: wreathed by umbra, not resistant to hostile enchantments, incredibly stealthy
A: almost no armour, amphibious, 8 rings, constrict 8, camouflage 1, gelatinous
body 1
a: Shadow Step, Shadow Form, Renounce Religion


You were in the Dungeon.
You worshipped Dithmenos.
Dithmenos was extremely pleased with you.
You were not hungry.

You visited 1 branch

Inventory:

Hand Weapons
 a - a +3 dagger (weapon)
Missiles
 n - 11 stones (quivered)
Scrolls
 i - a scroll of blinking
 o - 3 scrolls of remove curse
 p - 5 scrolls of amnesia
 q - a scroll of summoning
Potions
 d - 5 potions of curing
 e - 5 potions of heal wounds
 f - a potion of haste
 g - 4 potions of magic
 h - 3 potions of berserk rage
 m - 2 potions of invisibility
Books
 b - a book of Maledictions

   Spells                             Type                      Level
   a - Corona                         Hexes                        1
   b - Ensorcelled Hibernation        Hexes/Ice                    2
   c - Confuse                        Hexes                        3
   d - Tukima's Dance                 Hexes                        3
   e - Dazzling Spray                 Conjuration/Hexes            3
Comestibles
 c - 8 bread rations
 k - 40 fruits
 l - 6 meat rations


   Skills:
 + Level 4.5 Fighting
 + Level 5.8 Short Blades
 + Level 7.3 Dodging
 + Level 9.6 Stealth
 + Level 4.4 Unarmed Combat
 * Level 7.9 Spellcasting
 + Level 2.4 Conjurations
 * Level 9.0 Hexes


You had 13 spell levels left.
You knew the following spells:

 Your Spells              Type           Power        Failure   Level  Hunger
a - Corona                Hex            #####..      1%          1    None
b - Ensorcelled Hibernat  Hex/Ice        ###...       2%          2    None
c - Confuse               Hex            #####...     1%          3    #......
d - Dazzling Spray        Conj/Hex       ####..       3%          3    #......


Dungeon Overview and Level Annotations

Branches:
Dungeon (1/1)

Altars:
Ashenzari
Cheibriados
Dithmenos
Elyvilon
Fedhas
Kikubaaqudgha
Makhleb
Nemelex Xobeh
Okawaru
Pakellas
Ru
Sif Muna
Trog
Vehumet
Xom
Yredelemnul
Zin
The Shining One
Beogh
Jiyva
Lugonu


Innate Abilities, Weirdness & Mutations

You cannot wear most types of armour.
You are amphibious.
You can wear up to eight rings at the same time.
You can use your tentacles to constrict eight enemies at once.
Your skin changes colour to match your surroundings (Stealth).
Your rubbery body absorbs attacks (AC +1).


Message History

Casting: Dazzling Spray
Confirm with . or Enter, or press ? or * to list all spells.
Aiming: Dazzling Spray
Press: ? - help, Shift-Dir - straight line, f - small abomination
Aim: a small abomination (umbra)
The spray of energy hits the small abomination.
The small abomination hits you!! The small abomination misses you.
There is an open door here.
The small abomination misses you.
You hit the small abomination but do no damage.
The small abomination completely misses you.
You hit the small abomination but do no damage.
You closely miss the small abomination. The small abomination hits you.
* * * LOW HITPOINT WARNING * * *
You hit the small abomination but do no damage.
The small abomination closely misses you.
You closely miss the small abomination.
The small abomination closely misses you.
You closely miss the small abomination. The small abomination hits you!!
You die...

#.#.)#..#))##.......#
#.#..#..#..##.......#
#[##'#..#'###...<...#
#.#........##.......#
#)#........##.......#
#'###########.......#
#.......#.)##########
#..###..#)######
#...@xY.#)#....#
##.###.##'#Y...#
#....)..#.'YY..+
#..###.Y#'#Y...#
#....)..')#.†..#
################


You could see a sky beast and a small abomination.

Vanquished Creatures
  A flying skull (D)
  A swamp drake (D)
  An orc warrior (D)
  A phantom (D)
  A wolf (D)
  A big kobold (D)
  A scorpion (D)
  5 wights (D)
  An orc wizard (D)
  A hound (D)
  A worker ant (D)
  4 sheep (D)
  A river rat (D)
  An ufetubus (D)
  An ooze (D)
  An adder skeleton (D)
  A giant gecko (D)
  2 orcs (D)
  A bat zombie (D)
  A quokka (D)
  A ball python (D)
  A kobold (D)
30 creatures vanquished.

Notes
Turn   | Place    | Note
--------------------------------------------------------------
     0 | D        | Groucho the Octopode Enchanter began the quest for the Orb.
     0 | D        | Reached XP level 1. HP: 11/11 MP: 3/3
    43 | D        | Found a sacrificial altar of Ru.
    43 | D        | Found a basalt altar of Yredelemnul.
    43 | D        | Found a shadowy altar of Dithmenos.
    43 | D        | Found a deep blue altar of Sif Muna.
    43 | D        | Found a burning altar of Makhleb.
    43 | D        | Found a shimmering altar of Xom.
    43 | D        | Found an ancient bone altar of Kikubaaqudgha.
    43 | D        | Found a sparkling altar of Nemelex Xobeh.
    44 | D        | Found a glowing golden altar of the Shining One.
    44 | D        | Found a bloodstained altar of Trog.
    44 | D        | Found a shattered altar of Ashenzari.
    44 | D        | Found a white marble altar of Elyvilon.
    44 | D        | Found a snail-covered altar of Cheibriados.
    44 | D        | Found a blossoming altar of Fedhas.
    44 | D        | Found a radiant altar of Vehumet.
    44 | D        | Found a glowing silver altar of Zin.
    44 | D        | Found a corrupted altar of Lugonu.
    44 | D        | Found a viscous altar of Jiyva.
    44 | D        | Found a roughly hewn altar of Beogh.
    44 | D        | Found an iron altar of Okawaru.
    45 | D        | Found an oddly glowing altar of Pakellas.
    49 | D        | Became a worshipper of Dithmenos the Shadowed
    71 | D        | Reached XP level 2. HP: 17/17 MP: 6/6
    75 | D        | Learned a level 2 spell: Ensorcelled Hibernation
    82 | D        | Reached * piety under Dithmenos
   150 | D        | Noticed a big kobold
   161 | D        | Killed a big kobold
   161 | D        | Reached ** piety under Dithmenos
   161 | D        | Reached skill level 5 in Hexes
   161 | D        | Reached XP level 3. HP: 21/21 MP: 5/9
   161 | D        | Reached XP level 4. HP: 27/27 MP: 5/10
   318 | D        | Reached XP level 5. HP: 19/31 MP: 1/12
   581 | D        | Noticed a phantom
   588 | D        | Noticed a wolf
   588 | D        | Reached *** piety under Dithmenos
   588 | D        | Reached skill level 5 in Spellcasting
   594 | D        | Reached skill level 1 in Fighting
   594 | D        | Reached skill level 1 in Unarmed Combat
   601 | D        | Killed a wolf
   601 | D        | Reached skill level 5 in Dodging
   601 | D        | Reached XP level 6. HP: 9/39 MP: 6/15
   619 | D        | Reached **** piety under Dithmenos
   665 | D        | Learned a level 3 spell: Confuse
   669 | D        | Learned a level 3 spell: Dazzling Spray
   672 | D        | Killed a phantom
   672 | D        | Reached XP level 7. HP: 14/46 MP: 9/17
  1403 | D        | Reached skill level 5 in Short Blades
  1412 | D        | Reached ***** piety under Dithmenos
  1416 | D        | Reached skill level 1 in Conjurations
  1418 | D        | Noticed a flying skull
  1424 | D        | Killed a flying skull
  1424 | D        | Reached XP level 8. HP: 54/54 MP: 17/19
  1455 | D        | Slain by a small abomination

Skill      XL: |  1  2  3  4  5  6  7  8 |
---------------+-------------------------+-----
Spellcasting   | 3 4 6 7 |  7.9
Hexes          | 4 5 7 8 9 |  9.0
Short Blades   | 3 4 5 |  5.8
Dodging        | 3 4 5 6 7 |  7.3
Stealth        | 6 7 8 9 |  9.6
Fighting       | 2 3 4 |  4.5
Unarmed Combat | 2 3 4 |  4.4
Conjurations   | 2 |  2.4

Action                   |  1- 3 |  4- 6 |  7- 9 || total
-------------------------+-------+-------+-------++-------
Melee: Dagger            |    16 |    59 |    27 ||   102
       Constrict         |     3 |     6 |     3 ||    12
       Tentacles         |     1 |    18 |     5 ||    24
 Cast: Ensorcelled Hiber |     4 |     7 |       ||    11
       Dazzling Spray    |       |     1 |     2 ||     3
  Use: Potion            |       |     2 |       ||     2
 Stab: Sleeping          |     5 |     3 |    10 ||    18
  Eat: Meat ration       |       |       |     1 ||     1
Armor: Skin              |     3 |     1 |       ||     4
Dodge: Dodged            |    13 |    45 |    13 ||    71
